 Dungeon Crawl Stone Soup version 0.27-a0-1312-g5cdb2b3542 (webtiles) character file.

Game seed: 15699074912016810250

4 Armakuni the Conjurer (level 1, -1/9 HPs)
             Began as a Vine Stalker Conjurer on June 19, 2021.
             Slain by a jackal (2 damage)
             ... on level 1 of the Dungeon.
             The game lasted 00:01:53 (216 turns).

Armakuni the Conjurer (Vine Stalker Conjurer)        Turns: 216, Time: 00:01:54

Health: -1/9       AC:  2    Str:  7 (9)  XL:     1   Next: 60%
Magic:  0/4        EV: 11    Int: 17 (18) God:
Gold:   0          SH:  0    Dex: 10 (12) Spells: 3/4 levels left

rFire    . . .     SeeInvis .   (no weapon)
rCold    . . .     Faith    .   (no shield)
rNeg     . . .     Spirit   +   d - +0 robe
rPois    .         Reflect  .   (no helmet)
rElec    .         Harm     .   (no cloak)
rCorr    .         Rampage  .   (no gloves)
Will     .....                  (no boots)
Stlth    ++........             (no amulet)
HPRegen  0.03/turn              (no ring)
MPRegen  0.09/turn              (no ring)

@: no status effects
A: fangs 2, magic shield, antimagic bite, no potion heal 2
a: no special abilities


You were on level 1 of the Dungeon.
You visited 1 branch of the dungeon, and saw 1 of its levels.

Inventory:

Hand Weapons
 a - a +0 hunting sling
Armour
 c - a +0 ring mail
 d - a +0 robe (worn)


   Skills:
 - Level 1.5 Dodging
 - Level 2.4 Stealth
 + Level 2.3 Spellcasting
 + Level 4.1 Conjurations


You had 3 spell levels left.
You knew the following spells:

 Your Spells              Type           Power      Damage    Failure   Level
a - Magic Dart            Conj           64%        1d6       3%          1

Your spell library contained the following spells:

 Spells                   Type           Power      Damage    Failure   Level
 Searing Ray              Conj           32%        3d4       5%          2
 Dazzling Flash           Conj/Hex       18%        N/A       24%         3
 Fulminant Prism          Conj/Hex       4%         3d6       63%         4
 Iskenderun's Mystic Bla  Conj/Tloc      9%         2d4       63%         4


Dungeon Overview and Level Annotations

Branches:
Dungeon (1/15)

Altars:


Innate Abilities, Weirdness & Mutations

You have extremely sharp teeth.
When hurt, damage is shared between your health and your magic reserves.
Your bite disrupts and absorbs the magic of your enemies.
Potions cannot restore your health.


Message History

The jackal is heavily wounded.
The jackal barely misses you. The jackal bites you.
You see here a +0 robe.
The jackal barely misses you. The jackal bites you.
* * * LOW HITPOINT WARNING * * *
The jackal bites you but does no damage.
The jackal bites you.
The jackal barks!
You aren't carrying any scrolls.
You aren't carrying any potions.
You aren't carrying any items that you can evoke.
A kobold comes into view. It is wielding a +0 dagger.
The jackal bites you but does no damage.
Found 29 stones and a dagger. 2 kobolds come into view.
A kobold is wielding a +2 short sword of speed.
The kobold shouts!
You hear a shout!
The jackal closely misses you.
A goblin comes into view. It is wielding a +0 club.
Press: ? - help, v - describe, . - travel
Here: a kobold, wielding a +2 short sword of speed and quivering stones The floor.
Unknown command.
A bat comes into view.
Found a fizzy emerald potion.
The bat hits you.
* * * LOW HITPOINT WARNING * * *
Found a potion of degeneration and a scroll labelled WYUTOH ITYSAV.
A frilled lizard, an endoplasm and a goblin come into view.
The goblin is wielding a +2 antimagic dagger.
The goblin shouts!
The jackal barely misses you. The jackal closely misses you.
Found a scroll labelled ANWECR JYPTISI.
An endoplasm comes into view.
You see here a potion of degeneration.
The jackal misses you. The jackal bites you.
You die...

#.# #.# #.# #.#
#.# ### ###.
#.# #...g.Jl
#.# #.#...
#@### #...
#.h!#####.# # #
#.h..Kg.g.#)#.#
#...#####h#(..#
#...# #..g..#
#...J #h#K..#
#.?..# #.#?#.#
#....#
#.#####...
#....#
#.........


You could see an endoplasm (asleep), 2 jackals, a goblin and a kobold.

Vanquished Creatures
  A giant cockroach (D:1)
  A jackal (D:1)
  A bat (D:1)
  A rat (D:1)
4 creatures vanquished.

Notes
Turn   | Place    | Note
-------+----------+-------------------------------------------
     0 | D:1      | Armakuni the Vine Stalker Conjurer began the quest for the
                  | Orb.
     0 | D:1      | Reached XP level 1. HP: 9/9 MP: 4/4
   216 | D:1      | Slain by a jackal

Illustrated notes

Levels and vault maps discovered:
D:1:      amcnicky_arrival_gap_in_the_tavern_cellar, layout_basic,
          minmay_split_cup_large

Action                   || total
-------------------------++-------
Melee: Unarmed           ||     8
       Bite              ||     2
 Cast: Magic Dart        ||    13
  Use: Potion            ||     1
Armor: Robe              ||     4
Dodge: Dodged            ||    19

Table legend: (Time is in decaauts)
 A = Elapsed time spent in this place.
 B = Non-inter-level travel time spent in this place.
 C = Inter-level travel time spent in this place.
 D = Time resting spent in this place.
 E = Time spent auto-exploring this place.
 F = Levels seen in this place.
 G = Mean time per level.
                   A        B        C        D        E       F      G
               +--------+--------+--------+--------+--------+-----+--------+
         Total |    216 |    216 |      0 |     82 |     24 |   1 |  216.0 |
       Dungeon |    216 |    216 |      0 |     82 |     24 |   1 |  216.0 |
               +--------+--------+--------+--------+--------+-----+--------+

Top non-repeatable levels by time:
     D:1: 216 daAuts
